Map: King's Cove LE

Players

HateMe

  • Race: Zerg Zerg
  • Spawn Location: 11:00

Gerald - Winner!

  • Race: Protoss Protoss
  • Spawn Location: 5:00

Event: 2019 WCS Spring

VOD

Have the link to the VOD?

Description

Time

  • Played on: May 17, 2019, 12:45 p.m.
  • Length: 14:47

All games in this series

Show
View Real Time Build Order
Export as new Build Order

HateMe Zerg 

Build Orders: Hatch First 

Get SALT Encoding   

  12  0:00  Drone  
  13  0:13  Overlord  
  13  0:18  Drone  
  14  0:32  Drone x2  
  16  0:50  Hatchery  
  16  0:53  Drone  
  16  0:57  Drone  
  16  1:00  Drone  
  18  1:11  Extractor  
  17  1:16  Spawning Pool  
  16  1:19  Drone  
  16  1:23  Drone  
  18  1:30  Drone  
  19  1:39  Drone  
  20  1:50  Hatchery  
  19  1:56  Drone  
  20  2:01  Drone  
  20  2:03  Drone  
  22  2:09  Queen  
  24  2:16  Metabolic Boost  
  24  2:21  Overlord  
  24  2:25  Drone  
  24  2:28  Drone  
  26  2:33  Drone  
  26  2:36  Zergling x2  
  28  2:40  Zergling x2  
  29  2:44  Queen  
  29  2:45  Drone  
  29  2:50  Drone  
  33  2:56  Zergling x4  
  35  3:02  Overlord  
  35  3:03  Queen  
  37  3:06  Drone  
  37  3:07  Drone  
  39  3:14  Drone  
  39  3:17  Queen  
  42  3:21  Drone x2  
  42  3:24  Overlord  
  44  3:28  Drone  
  44  3:29  Drone  
  44  3:32  Drone  
  47  3:34  Spore Crawler  
  47  3:36  Spore Crawler  
  45  3:42  Spore Crawler  
  45  3:46  Drone x4  
  49  3:49  Drone x2  
  49  3:56  Drone x4  
  52  4:04  Spore Crawler  
  52  4:07  Overlord  
  52  4:10  Drone x3  
  52  4:15  Lair  
  54  4:24  Queen  
  54  4:25  Queen  
  58  4:34  Drone  
  58  4:35  Drone x6  
  65  4:38  Extractor  
  65  4:39  Extractor  
  65  4:42  Zergling x2  
  65  4:43  Zergling x4  
  66  4:45  Overlord  
  66  4:46  Overlord  
  65  5:13  Drone x2  
  65  5:14  Drone x4  
  67  5:22  Extractor, Hydralisk Den  
  67  5:23  Extractor, Drone x3  
  67  5:24  Overlord x2, Drone  
  67  5:25  Drone  
  67  5:26  Drone  
  70  5:28  Overseer  
  70  5:31  Zergling x6  
  70  5:33  Queen x2  
  70  5:35  Queen  
  77  5:41  Overlord  
  77  5:51  Muscular Augments  
  77  5:52  Hydralisk x4  
  77  5:55  Hydralisk, Overlord  
  87  5:58  Zergling x10  
  87  6:01  Hydralisk  
  87  6:03  Hydralisk  
  96  6:10  Overlord x2  
  96  6:14  Hydralisk x2  
  100  6:23  Hydralisk x3  
  106  6:28  Overlord x2  
  106  6:30  Hydralisk  
  108  6:35  Hydralisk x2  
  112  6:40  Hydralisk x2  
  112  6:45  Hydralisk  
  118  6:53  Hydralisk x3  
  124  6:57  Overlord  
  124  6:59  Hydralisk  
  127  7:01  Zergling x6  
  124  7:12  Hydralisk x4  
  129  7:17  Zergling x6  
  129  7:20  Zergling x4  
  126  7:26  Hydralisk x2  
  126  7:29  Hydralisk  
  129  7:33  Grooved Spines  
  129  7:34  Hydralisk  
  133  7:40  Drone x3  
  135  7:47  Drone x2  
  135  7:49  Baneling Nest  
  136  7:54  Drone x5  
  120  8:22  Extractor  
  120  8:23  Drone x4  
  120  8:24  Evolution Chamber, Hatchery, Drone x3  
  120  8:25  Evolution Chamber  
  120  8:26  Overlord  
  123  8:27  Drone x3  
  123  8:33  Centrifical Hooks  
  126  8:35  Zergling x6  
  126  8:41  Zergling x8  
  133  8:51  Zergling x12  
  133  8:55  Zerg Melee Weapons Level 1, Zerg Ground Armor Level 1  
  139  9:03  Zergling x16  
  147  9:15  Baneling x22  
  147  9:22  Zergling x10  
  152  9:30  Drone  
  152  9:31  Drone x6  
  159  9:34  Drone  
  159  9:35  Drone  
  161  9:40  Zergling x10  
  166  9:47  Zergling x2  
  166  9:52  Overlord, Baneling x10  
  167  9:53  Overlord x2  
  151  10:08  Drone x2  
  151  10:09  Drone x2  
  151  10:14  Zergling x18  
  159  10:22  Infestation Pit  
  159  10:23  Drone x6  
  164  10:33  Zergling x16  
  164  10:34  Hatchery  
  171  10:38  Zergling x10  
  171  10:41  Zergling x2  
  177  10:47  Extractor x2, Drone  
  176  10:50  Zerg Ground Armor Level 2, Zerg Melee Weapons Level 2  
  176  10:53  Drone x2  
  176  10:54  Drone x3  
  176  10:55  Overlord  
  181  11:00  Zergling x6  
  183  11:06  Zergling x2  
  183  11:09  Hive  
  183  11:12  Spire  
  183  11:15  Zergling x14  
  189  11:26  Zergling x2  
  189  11:27  Zergling x4  
  189  11:28  Baneling x14  
  187  11:41  Zergling x8  
  191  11:48  Overlord x2  
  188  11:55  Zergling x18  
  193  12:12  Spore Crawler x2  
  193  12:13  Spore Crawler, Zergling x2  
  191  12:15  Spore Crawler  
  191  12:19  Spore Crawler  
  191  12:21  Extractor  
  186  12:23  Extractor, Adrenal Glands  
  186  12:25  Zergling x6  
  186  12:26  Zergling x34  
  169  12:40  Zergling x12  
  169  12:43  Zergling x2  
  168  12:45  Baneling x12  
  168  12:47  Zergling x4  
  168  12:51  Zergling x10  
  168  12:56  Baneling x6, Zergling x2  
  168  12:57  Zergling x2  
  168  13:03  Zergling x2  
  168  13:04  Zergling x14  
  144  13:07  Greater Spire  
  144  13:10  Baneling  
  144  13:11  Baneling x11  
  142  13:17  Pathogen Glands  
  142  13:21  Zergling x16  
  142  13:24  Baneling x2  
  148  13:37  Zergling x6  
  148  13:38  Zergling x16  
  158  13:42  Infestor x2  
  162  13:50  Infestor x3  
  162  13:55  Infestor x2  
  168  13:59  Infestor x2  
  176  14:08  Infestor x4  
  194  14:29  Overlord x2  
Show
View Real Time Build Order
Export as new Build Order

Gerald Protoss - Winner!

Build Orders: 1 Gate Expand, Oracle Opening, Archon Immortal 

Get SALT Encoding   

  12  0:00  Probe  
  13  0:12  Probe  
  14  0:19  Pylon  
  14  0:25  Probe  
  15  0:29  Assimilator  
  15  0:35  Probe  
  16  0:43  Gateway  
  16  0:44  Probe  
  17  0:52  Probe  
  18  1:04  Probe  
  19  1:17  Probe  
  20  1:24  Nexus  
  20  1:34  Cybernetics Core  
  20  1:38  Probe  
  21  1:43  Assimilator  
  21  1:50  Probe  
  22  1:55  Pylon  
  22  2:02  Probe  
  22  2:04  Adept  
  23  2:14  Probe  
  26  2:17  Stargate  
  26  2:21  Warp Gate  
  26  2:26  Probe  
  26  2:27  Adept  
  27  2:36  Probe  
  30  2:38  Probe  
  31  2:49  Probe  
  31  2:50  Probe  
  33  2:52  Oracle  
  33  2:53  Adept  
  35  3:01  Probe  
  35  3:02  Probe  
  40  3:13  Probe  
  40  3:14  Pylon  
  40  3:15  Probe  
  42  3:22  Oracle  
  42  3:25  Probe  
  42  3:26  Assimilator  
  44  3:27  Probe  
  44  3:28  Assimilator  
  47  3:37  Probe  
  48  3:41  Probe  
  49  3:49  Probe  
  49  3:53  Probe  
  51  4:00  Gateway  
  51  4:01  Oracle  
  54  4:04  Gateway  
  54  4:06  Pylon  
  54  4:14  Twilight Council  
  54  4:16  Pylon  
  56  4:24  Probe x2  
  56  4:32  Robotics Facility  
  56  4:36  Probe x2, Gateway  
  58  4:43  Pylon  
  58  4:44  Adept  
  60  4:48  Probe x2  
  62  5:00  Probe x2  
  62  5:03  Templar Archives  
  61  5:09  Warp Prism  
  61  5:12  Probe x2  
  63  5:16  Nexus  
  63  5:18  Pylon  
  62  5:25  Probe  
  62  5:27  Forge  
  63  5:33  Probe  
  64  5:38  Zealot x3  
  64  5:39  Psionic Storm  
  70  5:43  Probe  
  70  5:46  Pylon  
  70  5:49  Probe  
  70  5:55  Probe  
  71  5:58  High Templar  
  71  5:59  High Templar  
  71  6:00  Immortal  
  71  6:01  Probe  
  76  6:06  Protoss Ground Weapons Level 1  
  76  6:08  Probe  
  81  6:13  Assimilator, Probe  
  81  6:15  Assimilator, High Templar x2  
  86  6:19  Archon  
  86  6:27  Charge  
  86  6:28  Probe  
  86  6:32  Pylon  
  87  6:33  Probe x2  
  87  6:34  Pylon  
  89  6:40  Probe  
  89  6:44  Zealot, High Templar  
  89  6:45  Probe x2  
  96  6:51  Immortal  
  96  6:52  Probe  
  101  6:57  Probe x2  
  101  6:59  High Templar  
  105  7:04  Probe  
  106  7:09  Probe x2  
  106  7:12  Zealot  
  110  7:16  Zealot x2  
  110  7:24  Probe  
  110  7:25  Immortal  
  110  7:28  Photon Cannon  
  111  7:30  Gateway  
  111  7:31  Shield Battery, Archon  
  111  7:32  Gateway  
  111  7:33  High Templar  
  117  7:41  Pylon  
  117  7:42  Pylon  
  117  7:46  Photon Cannon, Shield Battery  
  117  7:56  Pylon  
  117  7:58  Pylon  
  117  8:00  Probe  
  117  8:04  Pylon  
  117  8:05  Photon Cannon  
  116  8:11  High Templar  
  116  8:12  High Templar  
  116  8:13  Probe  
  116  8:15  Immortal, Pylon  
  116  8:18  Pylon  
  121  8:22  Photon Cannon, Shield Battery  
  121  8:23  High Templar x2  
  125  8:30  Pylon  
  125  8:31  Pylon  
  125  8:34  Probe  
  125  8:36  Protoss Ground Weapons Level 2  
  125  8:40  Fleet Beacon  
  126  8:45  Stargate, Nexus  
  126  8:47  Pylon  
  126  8:50  Probe  
  126  8:52  Probe  
  129  8:55  Observer  
  129  8:56  Probe  
  130  9:08  High Templar x2  
  130  9:09  Probe  
  135  9:18  Tempest, Archon  
  135  9:19  Assimilator, Probe, Tempest  
  135  9:24  Photon Cannon x2  
  136  9:25  Shield Battery  
  136  9:26  Shield Battery  
  136  9:27  Protoss Air Weapons Level 1  
  146  9:35  Probe  
  146  9:36  Assimilator  
  147  9:42  Pylon  
  147  9:45  Mothership  
  155  9:52  Zealot x6  
  167  10:02  Carrier  
  167  10:10  Photon Cannon  
  167  10:11  Photon Cannon  
  167  10:13  Shield Battery  
  167  10:14  Shield Battery  
  161  10:17  Observer  
  161  10:19  Probe  
  161  10:24  Gateway  
  161  10:26  Photon Cannon, Pylon, High Templar  
  161  10:27  High Templar  
  161  10:28  Shield Battery  
  165  10:32  Probe x2  
  165  10:33  Probe  
  168  10:46  Carrier  
  172  11:06  Carrier  
  174  11:14  Zealot  
  174  11:15  Zealot x5  
  186  11:21  Nexus  
  186  11:22  Pylon  
  186  11:23  Protoss Shields Level 1  
  173  11:50  Carrier  
  179  11:56  Stargate  
  179  12:04  Protoss Air Weapons Level 2  
  179  12:06  Zealot x3  
  179  12:07  Zealot x4  
  193  12:08  Nexus  
  193  12:10  Carrier  
  197  12:16  Pylon  
  197  12:18  Probe  
  197  12:19  Assimilator  
  197  12:22  Robotics Bay  
  198  12:23  Assimilator  
  194  12:30  Zealot x2  
  198  12:37  Zealot  
  196  12:47  High Templar  
  196  12:50  Zealot x3  
  189  13:02  Archon  
  189  13:03  Archon  
  185  13:12  Zealot x4, High Templar x2  
  195  13:36  Zealot x2  
  199  13:51  Photon Cannon  
  199  13:52  Photon Cannon  
  199  13:54  Photon Cannon  
  199  13:55  Photon Cannon  
  199  13:57  Shield Battery  
  199  13:59  Shield Battery  
  199  14:01  Shield Battery  
  199  14:02  Shield Battery  
  199  14:04  Pylon  
  198  14:33  Zealot x2  
  198  14:34  Zealot x2  
  198  14:38  Archon  
  175  14:44  Zealot x3  
Tags
 
Add a new tag
Caveats
  • Supply blocks, unpowered buildings, or Contaminate may cause inaccurate times.
  • Supply counts are checked every 10 seconds.